 Dungeon Crawl Stone Soup version 0.29.0-4-gdea44cf6ec (webtiles) character file.

Game seed: 4834824881178116479

130 qw the Chopper (level 5, -5/30 HPs)
             Began as a Tengu Warper on Aug 28, 2022.
             Slain by an orc
             ... wielding a +0 flail
              (8 damage)
             ... on level 3 of the Dungeon.
             The game lasted 00:00:13 (2805 turns).

qw the Chopper (Tengu Warper)                       Turns: 2805, Time: 00:00:13

Health: -5/30      AC:  8    Str: 13    XL:     5   Next: 14%
Magic:  9/9        EV:  6    Int: 14    God:
Gold:   34         SH:  3    Dex: 13    Spells: 8/8 levels left

rFire   + . .      SeeInvis .   Y - +1 hand axe (freeze)
rCold   + . .      Faith    .   n - +0 buckler
rNeg    . . .      Spirit   .   j - +0 chain mail
rPois   .          Reflect  .   (helmet restricted)
rElec   .          Harm     .   d - scarf {rC+ rF+}
rCorr   .          Rampage  .   (no gloves)
Will    .....                   (boots unavailable)
Stlth   ..........              (no amulet)
HPRegen 0.10/turn               (no ring)
MPRegen 0.11/turn               (no ring)

@: about to teleport, flying quickly and evasively, quick
A: beak, talons 3, nimble flight
a: no special abilities


You were on level 3 of the Dungeon.
You visited 1 branch of the dungeon, and saw 3 of its levels.

You collected 111 gold pieces.
You spent 77 gold pieces at shops.


Innate Abilities, Weirdness & Mutations

You have a beak for a mouth.
You have claws for feet.
Your magical nature lets you fly swiftly and evasively.


   Skills:
 - Level 2.0 Fighting
 - Level 5.6 Axes
 - Level 1.0 Throwing
 - Level 1.1 Armour
 - Level 2.1 Dodging
 + Level 0.4 Shields
 - Level 2.0 Spellcasting
 - Level 2.4 Translocations


You had 8 spell levels left.
You didn't know any spells.
Your spell library contained the following spells:

 Spells                   Type           Power      Damage    Failure   Level
 Blink                    Tloc           16%        N/A       100%        2
 Gell's Gravitas          Tloc           8%         N/A       100%        3
 Lesser Beckoning         Tloc           8%         N/A       100%        3
 Teleport Other           Tloc           8%         N/A       100%        3
 Manifold Assault         Tloc           8%         N/A       100%        5

Inventory:

Hand Weapons
 h - a +4 antimagic whip
 Y - a +1 hand axe of freezing (weapon)
Missiles
 o - 2 boomerangs (quivered)
Armour
 d - a scarf of resistance (worn)
 j - a +0 chain mail (worn)
 k - a scarf of repulsion
 n - a +0 buckler (worn)
Scrolls
 b - 2 scrolls of identify
Potions
 a - a potion of mutation {unknown}
 f - a potion of ambrosia {unknown}
 g - a potion of attraction {unknown}
 i - a potion of might {unknown}
 l - a potion of degeneration {unknown}
 p - a potion of curing {unknown}

Dungeon Overview and Level Annotations

Branches:
Dungeon (3/15)

Altars:

Shops:
D:3 ?


Message History

Thank you for shopping at Maluneab's Magic Scroll Shoppe!
You can access your shopping list by pressing '$'.
An orc comes into view. It is wielding a +0 dagger.
Found a hand axe.
The orc shouts!
You hear a shout!
Throw: 2 boomerangs
Press: ? - help, Q - select action Shift-Dir - straight line, f - orc You throw a boomerang.
The boomerang hits the orc.
The orc is heavily wounded.
An orc comes into view. It is wielding a +0 flail.
2795 ||| Stepping ~*~*~tactically~*~*~ (hiding).
The orc shouts!
2796 ||| Stepping ~*~*~tactically~*~*~ (hiding).
You start waiting.
An orc is nearby!
Throw: 2 boomerangs
Press: ? - help, Q - select action Shift-Dir - straight line, f/p - orc You throw a boomerang.
The boomerang closely misses the orc.
You closely miss the orc.
The orc is moderately wounded.
The orc hits you with a +0 dagger.
You hit the orc. You freeze the orc. Your kick misses the orc.
The orc is severely wounded.
The orc hits you from afar with a +2 trident of protection.
You hit the orc but do no damage. You claw the orc.
You kill the orc!
The orc hits you from afar with a +2 trident of protection.
You closely miss the orc. Your kick misses the orc. Your peck misses the orc.
The orc hits you from afar with a +2 trident of protection!
You hit the orc. You freeze the orc. You claw the orc.
You peck the orc, but do no damage.
The orc is heavily wounded.
The orc hits you from afar with a +2 trident of protection.
The orc hits you with a +0 flail.
2805 ||| READING scroll of teleportation.
As you read the scroll of teleportation, it crumbles to dust.
You feel strangely unstable.
The orc hits you from afar with a +2 trident of protection.
The orc hits you with a +0 flail!
You die...

.......#..#..........#....
....#........#............
...........#...........<
####....................
#.................... #
#.......#............ ..
#...%...#............
#.##...\...##...........
#.....)@o#..##.....#....
###......##..# ####.###
#....o## #.# #........ ...
..$..........o
..#..........
#............o.
###............
##...)..#####


You could see 2 orcs.

Vanquished Creatures
  Jessica (D:2)
  5 adders
  A worm (D:2)
  A dart slug (D:1)
  2 orcs (D:3)
  6 bats
  3 endoplasms
  5 giant cockroaches
  3 goblins (D:1)
  7 hobgoblins
  4 quokkas
  3 ball pythons
  5 frilled lizards
  2 kobolds (D:1)
  7 rats
55 creatures vanquished.

Notes
Turn   | Place    | Note
-------+----------+-------------------------------------------
     0 | D:1      | qw the Tengu Warper began the quest for the Orb.
     0 | D:1      | Reached XP level 1. HP: 12/12 MP: 4/4
     0 | D:1      | 0 ||| qw: Version: 0.1-a-89-g26bdef1
     0 | D:1      | 0 ||| qw: Game counter: 3364
     0 | D:1      | 0 ||| qw: Always use a shield: true
     0 | D:1      | 0 ||| qw: God list: Okawaru
     0 | D:1      | 0 ||| qw: Allow faded altars: false
     0 | D:1      | 0 ||| qw: Do Orc after D:15 true
     0 | D:1      | 0 ||| qw: Do second Lair branch before Depths: true
     0 | D:1      | 0 ||| qw: Lair rune preference: random
     0 | D:1      | 0 ||| qw: Plans: Normal
     0 | D:1      | 0 ||| PLANNING D:1-11
    98 | D:1      | Reached XP level 2. HP: 17/17 MP: 6/6
   106 | D:1      | Reached skill level 3 in Axes
   150 | D:1      | 150 ||| Stepping ~*~*~tactically~*~*~ (stealth).
   665 | D:1      | Reached XP level 3. HP: 18/21 MP: 7/7
   978 | D:1      | 978 ||| DROPPING +0 whip.
  1196 | D:1      | Found a faded altar of an unknown god.
  1196 | D:1      | Noticed a red devil
  1277 | D:1      | 1277 ||| DROPPING scarf of invisibility.
  1278 | D:1      | 1278 ||| UPGRADING to scarf of repulsion.
  1283 | D:1      | 1283 ||| READING scroll labelled RYOC ACARULET.
  1284 | D:1      | 1284 ||| READING scroll labelled WENTEU GAPSITU.
  1285 | D:1      | 1285 ||| DROPPING scroll of blinking.
  1305 | D:2      | 1305 ||| STAIRDANCE
  1313 | D:1      | Reached skill level 4 in Axes
  1520 | D:2      | Reached XP level 4. HP: 26/26 MP: 8/8
  1929 | D:2      | 1929 ||| SWAPPING to +1 hand axe of freezing.
  1930 | D:2      | 1930 ||| DROPPING +0 hand axe.
  1935 | D:2      | 1935 ||| Stepping ~*~*~tactically~*~*~ (stealth).
  2021 | D:2      | Reached skill level 5 in Axes
  2173 | D:2      | Noticed Jessica
  2174 | D:2      | 2174 ||| Stepping ~*~*~tactically~*~*~ (hiding).
  2277 | D:2      | Killed Jessica
  2400 | D:2      | Gained mutation: Your magical nature lets you fly swiftly
                  | and evasively. [Tengu growth]
  2400 | D:2      | Reached XP level 5. HP: 29/30 MP: 9/9
  2520 | D:2      | 2520 ||| UPGRADING to +0 ring mail.
  2530 | D:2      | 2530 ||| DROPPING +0 leather armour.
  2531 | D:2      | 2531 ||| UPGRADING to scarf of resistance.
  2541 | D:2      | 2541 ||| UPGRADING to +0 chain mail.
  2551 | D:2      | 2551 ||| DROPPING +0 ring mail.
  2552 | D:2      | 2552 ||| UPGRADING to +0 buckler.
  2557 | D:2      | 2557 ||| READING 2 scrolls labelled UCVIEM CIKHLIJUERCH.
  2558 | D:2      | 2558 ||| DROPPING scroll of magic mapping.
  2668 | D:3      | 2668 ||| Stepping ~*~*~tactically~*~*~ (hiding).
  2783 | D:3      | Found Maluneab's Magic Scroll Shoppe.
  2791 | D:3      | 2791 ||| Stepping ~*~*~tactically~*~*~ (stealth).
  2792 | D:3      | 2792 ||| SHOPLISTING 2 scrolls of enchant armour (165 gold,
                  | have 111).
  2792 | D:3      | 2792 ||| BUYING scroll of identify (22 gold).
  2792 | D:3      | Bought a scroll of identify for 22 gold pieces
  2792 | D:3      | 2792 ||| BUYING scroll of identify (22 gold).
  2792 | D:3      | Bought a scroll of identify for 22 gold pieces
  2792 | D:3      | 2792 ||| BUYING scroll of teleportation (33 gold).
  2792 | D:3      | Bought a scroll of teleportation for 33 gold pieces
  2795 | D:3      | 2795 ||| Stepping ~*~*~tactically~*~*~ (hiding).
  2796 | D:3      | 2796 ||| Stepping ~*~*~tactically~*~*~ (hiding).
  2804 | D:3      | HP: 7/30 [orc/+0 flail (5)]
  2805 | D:3      | 2805 ||| READING scroll of teleportation.
  2805 | D:3      | HP: 3/30 [orc/+2 trident of protection (4)]
  2805 | D:3      | Slain by an orc

Levels and vault maps discovered:
D:1:      scummos_arrival_forest, layout_loops_corners,
          dreamdust_ecumenical_altar_sealed_demon
D:2:      layout_rooms, chequers_serial_rivers_large_a, uniq_jessica
D:3:      layout_rooms, biasface_ghost_orc_armoury, serial_shops, shop,
          minmay_crystal_water, minmay_misc_feat_diagonals

Skill      XL: |  1  2  3  4 |
---------------+-------------+-----
Axes           | 3 4 5 |  5.6
Fighting       | |  2.0
Throwing       | |  1.0
Armour         | |  1.1
Dodging        | |  2.1
Shields        | |  0.4
Spellcasting   | |  2.0
Translocations | |  2.4

Action                   |  1- 3 |  4- 6 || total
-------------------------+-------+-------++-------
Melee: Hand axe          |    90 |    50 ||   140
       Kick              |    16 |     7 ||    23
       Peck              |     7 |     4 ||    11
       Punch             |     1 |       ||     1
Throw: Boomerang         |     7 |     9 ||    16
  Use: Scroll            |     2 |     2 ||     4
Armor: Leather armour    |    20 |     8 ||    28
       Chain mail        |       |     2 ||     2
Dodge: Dodged            |    58 |    17 ||    75
Block: Buckler           |       |     1 ||     1

Table legend:
 A = Non-vault XP
 B = Vault XP
 C = Vault XP percentage of total XP
 D = Non-vault monster count
 E = Vault monster count
 F = Vault count percentage of total count
                 A         B        C        D         E       F
            +---------+---------+-------+---------+---------+-------
      Total |     150 |      37 |  19.8 |      54 |       1 |   1.8
            +---------+---------+-------+---------+---------+-------
        D:1 |      55 |       0 |   0.0 |      26 |       0 |   0.0
        D:2 |      84 |      37 |  30.6 |      23 |       1 |   4.2
        D:3 |      11 |       0 |   0.0 |       5 |       0 |   0.0
            +---------+---------+-------+---------+---------+-------
